 Dungeon Sprint DCSS version 0.27.1-34-g3ba077fa99 (webtiles) character file.

Game seed: 10665155546007833087

15 chmiii the Chopper (level 2, -2/26 (28) HPs)
             Began as a Hill Orc Monk on Jan 30, 2022.
             Slain by a necrophage (3 damage)
             ... in the Dungeon (Sprint IX: "|||||||||||||||||||||||||||||").
             The game lasted 00:00:59 (231 turns).

chmiii the Chopper (Hill Orc Monk)                   Turns: 231, Time: 00:00:59

HP:   -2/26 (28)    AC:  2    Str: 13    XL:     2   Next: 50%
MP:   2/2           EV: 12    Int: 10    God:
Gold: 0             SH:  0    Dex: 13    Spells: 1/1 levels left

rFire    . . .     SeeInvis .   a - +0 hand axe
rCold    . . .     Faith    .   (no shield)
rNeg     . . .     Spirit   .   b - +0 robe
rPois    .         Reflect  .   (no helmet)
rElec    .         Harm     .   (no cloak)
rCorr    .         Rampage  .   (no gloves)
Will     .....     NoTele   +   (no boots)
Stlth    ++........             (no amulet)
HPRegen  0.08/turn              (no ring)
MPRegen  0.08/turn              (no ring)

@: drained
A: no striking features
a: no special abilities


You were in the Dungeon.
You visited 1 branch

Inventory:

Hand Weapons
 a - a +0 hand axe (weapon)
Armour
 b - a +0 robe (worn)
Scrolls
 h - a scroll of blinking
Potions
 c - a potion of curing
 d - a potion of heal wounds
 e - a potion of haste
 f - 2 potions of magic
 g - a potion of berserk rage


   Skills:
 + Level 4.8 Fighting
 * Level 6.0 Axes
 - Level 3.0 Dodging
 - Level 1.6 Stealth


You had one spell level left.
You didn't know any spells.
Your spell library was empty.

Dungeon Overview and Level Annotations

Branches:
Dungeon (1/1)

Altars:


Message History

HP restored.
Your library has no spells.
You open the door.
An adder, a black bear, a scorpion, a gnoll and a necrophage come into view.
The black bear growls angrily.
The adder hisses angrily.
The gnoll misses you. The gnoll hits you with a +0 spear.
There is an open door here.
You hit the gnoll but do no damage. The gnoll misses you.
You hit the gnoll.
The gnoll is lightly wounded.
The gnoll closely misses you.
You hit the gnoll but do no damage.
The gnoll is lightly wounded.
The gnoll hits you with a +0 spear.
You are too injured to fight recklessly!
You are too injured to fight recklessly!
You hit the gnoll but do no damage.
The gnoll is lightly wounded.
The gnoll hits you with a +0 spear.
* * * LOW HITPOINT WARNING * * *
The gnoll barely misses you.
You closely miss the gnoll.
The gnoll is lightly wounded.
The gnoll misses you.
You hit the gnoll.
The gnoll is severely wounded.
The gnoll closely misses you.
You hit the gnoll but do no damage.
The gnoll is severely wounded.
The gnoll closely misses you.
You hit the gnoll.
You kill the gnoll!
Your Axes skill gained 2 levels and is now at level 6!
You have reached level 2!
You hit the necrophage but do no damage.
The necrophage hits you!
* * * LOW HITPOINT WARNING * * *
You feel drained.
You die...

▓.▓
▓.▓
▓.▓
▓)▓
▓)▓
▓.▓
▓.▓
▓.▓
▓@▓
▓n▓
▓S▓
▓h▓
▓.▓
▓s▓
▓.▓
▓+▓


You could see a black bear, a necrophage, a scorpion and an adder.

Vanquished Creatures
  A gnoll (D)
  A goblin (D)
  2 hobgoblins (D)
  2 kobolds (D)
6 creatures vanquished.

Notes
Turn   | Place    | Note
-------+----------+-------------------------------------------
     0 | D        | chmiii the Hill Orc Monk began the quest for the Orb.
     0 | D        | Reached XP level 1. HP: 19/19 MP: 1/1
     3 | D        | Banished a spatial maelstrom
     8 | D        | Banished a spatial maelstrom
   220 | D        | Noticed a necrophage
   220 | D        | Noticed a black bear
   220 | D        | Noticed a scorpion
   230 | D        | Reached skill level 6 in Axes
   230 | D        | Reached XP level 2. HP: 8/28 MP: 2/2
   231 | D        | HP: 1/28 [necrophage (7)]
   231 | D        | Slain by a necrophage

Illustrated notes

Levels and vault maps discovered:
D:        linesprint [early_d, line_temple, items_1, d_10, items_2, lair_1,
          lair_end, items_3, orc_1, orc_end, items_4, d_15, swamp_1, shoals_1,
          snake_1, spider_1, d_20, vaults_1, items_5, swamp_end, shoals_end,
          snake_end, spider_end, vaults_end, d_27, items_6, zot_1, zot_end,
          crypt_end, forest_end, elf_end, slime_end, tomb_end, abyss_end,
          pan_hell_end]

Skill      XL: |  1 |
---------------+----+-----
Fighting       | 4 |  4.8
Dodging        | 3 |  3.0
Axes           | 6 |  6.0
Stealth        | |  1.6

Action                   || total
-------------------------++-------
Melee: Hand axe          ||    22
Dodge: Dodged            ||    10
